 Dungeon Crawl Stone Soup version 0.26.0-45-g9c1d065592 (webtiles) character file.

Game seed: 4203441084101127338

46 lawman0 the Magician (level 3, 0/24 HPs)
             Began as a Human Hedge Wizard on Jan 30, 2021.
             Slain by an orc priest
             ... wielding a +0 club
              (3 damage)
             ... on level 3 of the Dungeon.
             The game lasted 00:03:58 (2538 turns).

lawman0 the Magician (Human Hedge Wizard)           Turns: 2538, Time: 00:03:58

Health: 0/24       AC:  6    Str: 10    XL:     3   Next: 95%
Magic:  1/8        EV: 12    Int: 15    God:
Gold:   86         SH:  0    Dex: 12    Spells: 1/9 levels left

rFire    . . .     SeeInvis .   j - +0 short sword
rCold    . . .     Faith    .   (no shield)
rNeg     . . .     Spirit   .   b - +0 robe
rPois    .         Reflect  .   c - +0 hat
rElec    .         Harm     .   n - +0 cloak
rCorr    .         Rampage  .   (no gloves)
Will     .....                  q - +2 pair of boots
Stlth    ++........             (no amulet)
HPRegen  0.08/turn              k - ring of flight
MPRegen  0.11/turn              (no ring)

@: lethally poisoned (0 -> -5), very slightly contaminated
A: no striking features
a: Evoke Flight


You were on level 3 of the Dungeon.
You visited 1 branch of the dungeon, and saw 3 of its levels.

You collected 86 gold pieces.

Inventory:

Hand Weapons
 j - a +0 short sword (weapon)
Missiles
 a - 3 atropa-tipped darts
 d - 44 poisoned darts
 h - 16 javelins
Armour
 b - a +0 robe (worn)
 c - a +0 hat (worn)
 n - a +0 cloak (worn)
 q - a +2 pair of boots (worn)
Jewellery
 k - a ring of flight (left hand)
Scrolls
 e - a scroll of immolation {unknown}
 i - a scroll of teleportation {unknown}
 l - a scroll of noise {unknown}
 r - a scroll of amnesia {unknown}
Potions
 f - 2 potions of brilliance
 m - a potion of resistance
 o - 2 potions of degeneration {unknown}
 p - a potion of curing


   Skills:
 + Level 2.2 Dodging
 + Level 2.2 Stealth
 + Level 3.6 Spellcasting
 * Level 2.1 Conjurations
 + Level 1.0 Summonings
 + Level 1.0 Translocations


You had one spell level left.
You knew the following spells:

 Your Spells              Type           Power        Failure   Level
a - Magic Dart            Conj           36%          8%          1
b - Blink                 Tloc           N/A          19%         2
c - Call Imp              Summ           5%           19%         2
d - Mephitic Cloud        Conj/Pois/Air  4%           38%         3

Your spell library contained the following spells:

 Spells                   Type           Power        Failure   Level
 Slow                     Hex            2%           28%         2
 Conjure Flame            Conj/Fire      5%           36%         3


Dungeon Overview and Level Annotations

Branches:
Dungeon (3/15)

Altars:
Kikubaaqudgha
Yredelemnul

Annotations:
D:2 2 transporters, Menkaure


Message History

You are very lightly contaminated with residual magic.
Nothing appears to happen.
The adder completely misses you. The adder barely misses you.
Okay, then.
Unknown command.
Unknown command.
You barely miss the adder. The adder bites you.
* * * LOW HITPOINT WARNING * * *
You are lethally poisoned!
The adder poisons you!
You completely miss the adder.
* * * LOW HITPOINT WARNING * * *
You feel sick. The adder misses you.
The orc priest hits you but does no damage.
The adder bites you.
* * * LOW HITPOINT WARNING * * *
You hit the adder but do no damage.
* * * LOW HITPOINT WARNING * * *
You feel sick. The orc priest hits you with a +0 club.
You die...

#######....#.##.##.#
#.o...#....#.......#
...#####.###.#...##........
.........# #..o#..o.o......
#######.## ###...##.##.#...
#o### ##.###.# .# ..
##.r.## #......... .
#....o# #####.####o #..(.@#
..# oo #....S# ### ..
...>..... ####...### ##.##
#.# #. #.


You could see an orc priest (confused), an adder, an orc and a rat.

Vanquished Creatures
  An adder (D:2)
  An ooze (D:1)
  2 leopard geckos (D:1)
  A giant cockroach (D:1)
  6 goblins
  3 hobgoblins
  A quokka (D:2)
  6 bats
  A frilled lizard (D:1)
  5 kobolds (D:1)
  2 rats (D:2)
  A toadstool (D:1)
30 creatures vanquished.

Vanquished Creatures (collateral kills)
  A worm (D:2)
1 creature vanquished.

Vanquished Creatures (others)
  3 toadstools (D:1)
3 creatures vanquished.

Grand Total: 34 creatures vanquished

Notes
Turn   | Place    | Note
-------+----------+-------------------------------------------
     0 | D:1      | lawman0 the Human Hedge Wizard began the quest for the Orb.
     0 | D:1      | Reached XP level 1. HP: 13/13 MP: 4/4
   277 | D:1      | Reached XP level 2. HP: 19/19 MP: 1/6
  1116 | D:1      | Reached XP level 3. HP: 16/24 MP: 1/7
  1119 | D:1      | Learned a level 2 spell: Blink
  1122 | D:1      | Learned a level 2 spell: Call Imp
  1859 | D:2      | Found an ancient bone altar of Kikubaaqudgha.
  1860 | D:2      | Noticed Menkaure
  1862 | D:2      | Found a basalt altar of Yredelemnul.
  1907 | D:2      | Found a transporter.
  1909 | D:2      | Found a transporter.
  2297 | D:3      | Learned a level 3 spell: Mephitic Cloud
  2538 | D:3      | Slain by an orc priest

Illustrated notes

Levels and vault maps discovered:
D:1:      ldierk_water_garden, layout_basic, minmay_misc_feat_ornament
D:2:      layout_loops_cross, gammafunk_temple_of_torment, serial_bayou_pond_a
D:3:      cheibrodos_helix_gallery, layout_loops_ring, uniq_ijyb, uniq_natasha

Skill      XL: |  1  2  3 |
---------------+----------+-----
Conjurations   | 2 |  2.1
Dodging        | |  2.2
Stealth        | |  2.2
Spellcasting   | |  3.6
Summonings     | |  1.0
Translocations | |  1.0

Action                   || total
-------------------------++-------
Melee: Dagger            ||     7
       Short sword       ||    16
 Cast: Magic Dart        ||    68
       Call Imp          ||     2
       Mephitic Cloud    ||     1
  Use: Scroll            ||     3
Armor: Robe              ||     8
Dodge: Dodged            ||    17
